 Dungeon Crawl Stone Soup version 0.29.1-15-g9cfb28693d (webtiles) character file.

Game seed: 18213052026447962791

49 Gustavia the Chopper (level 3, -2/37 HPs)
             Began as an Ogre Gladiator on Mar 21, 2023.
             Slain by Robin
             ... wielding a +0 short sword
              (4 damage)
             ... on level 2 of the Dungeon.
             The game lasted 00:07:06 (1649 turns).

Gustavia the Chopper (Ogre Gladiator)               Turns: 1649, Time: 00:07:08

Health: -2/37      AC:  3    Str: 19 (20) XL:     3   Next: 77%
Magic:  3/3        EV: 10    Int:  6 (9)  God:
Gold:   106        SH:  0    Dex:  9 (10) Spells: 2/2 levels left

rFire   + . .      SeeInvis .   a - +0 war axe
rCold   + . .      Faith    .   (no shield)
rNeg    . . .      Spirit   .   b - +0 robe
rPois   .          Reflect  .   c - +0 hat
rElec   .          Harm     .   (no cloak)
rCorr   .          Rampage  .   (gloves unavailable)
Will    .....                   (boots unavailable)
Stlth   +.........              (no amulet)
HPRegen 0.12/turn               f - ring of protection from fire
MPRegen 0.08/turn               g - ring of protection from cold

@: mighty
A: large, unfitting armour, tough skin 1
a: no special abilities


You were on level 2 of the Dungeon.
You visited 1 branch of the dungeon, and saw 2 of its levels.

You collected 106 gold pieces.

Inventory:

Hand Weapons
 a - a +0 war axe (weapon)
Missiles
 d - 3 throwing nets (quivered)
 e - a large rock
Armour
 b - a +0 robe (worn)
 c - a +0 hat (worn)
Jewellery
 f - a ring of protection from fire (left hand)
 g - a ring of protection from cold (right hand)


   Skills:
 + Level 3.1 Fighting
 + Level 3.9 Axes
 + Level 2.1 Throwing
 + Level 3.1 Dodging
 + Level 0.1 Stealth


You had 2 spell levels left.
You didn't know any spells.
Your spell library contained the following spells:

 Spells                   Type           Power      Damage    Failure   Level
 Ensorcelled Hibernation  Hex/Ice        0%         N/A       58%         2
 Spider Form              Tmut/Pois      0%         N/A       83%         3
 Anguish                  Hex/Necr       0%         N/A       99%         4


Dungeon Overview and Level Annotations

Branches:
Dungeon (2/15)

Altars:

Annotations:
D:2 Robin


Innate Abilities, Weirdness & Mutations

You are too large for most types of armour.
You have tough skin. (AC +1)


Message History

You barely miss the goblin. The goblin barely misses you.
Robin roars a battlecry!
The goblins go into a battle-frenzy!
You completely miss the goblin. The goblin barely misses you.
Robin says, "Kneel, worm!"
You closely miss the goblin. The goblin barely misses you.
The goblin completely misses you.
You closely miss the goblin. The goblin hits you with a +0 club.
You closely miss the goblin. Robin throws the goblin at you!
The goblin closely misses you. The goblin hits you with a +0 dagger.
You closely miss the goblin. You miss the goblin.
The goblin hits you with a +0 club. The goblin hits you with a +0 dagger.
You closely miss the goblin. You hit the goblin.
Robin throws the goblin at you! The goblin barely misses you. x2
The goblin hits you with a +0 dagger. The goblin hits you with a +0 club.
The goblin hits you but does no damage. x2
You barely miss the goblin. You slash the goblin!
You kill the goblin!
You hit the goblin.
You kill the goblin!
The goblin barely misses you.
You slash the goblin!
You kill the goblin!
You closely miss the goblin. Robin throws the goblin at you!
The goblin hits you but does no damage. x2; Robin throws the goblin at you!
* * * LOW HITPOINT WARNING * * *
The goblin hits you with a +0 club.
* * * LOW HITPOINT WARNING * * *
The goblin barely misses you.
You feel very mighty all of a sudden. The goblin misses you.
The goblin hits you with a +0 club.
* * * LOW HITPOINT WARNING * * *
You aren't carrying any scrolls.
You slash Robin!
Robin is almost dead.
You slash the goblin!
You kill the goblin!
You barely miss the goblin. The goblin hits you but does no damage.
Robin hits you with a +0 short sword.
You die...

.####..........#.#
......#.#.#....#.#
.........>.#####.#
........#..# #.#
#####.###..#####.#
...##..........$.#
~......#
...####.###
.......##.. #g).#
≈≈≈........ #@###
.......##......g##
.)..(#.# .......
.#.#.# # ...###.
...#.# ## ##
.##### .#### #...#
....#


You could see Robin and a goblin (strong).

Vanquished Creatures
  A dart slug (D:1)
  4 bats
  7 endoplasms
  3 giant cockroaches
  10 goblins
  A hobgoblin (D:1)
  5 kobolds
  2 quokkas (D:1)
  A frilled lizard (D:1)
  5 rats
  A spectral goblin (D:1)
40 creatures vanquished.

Notes
Turn   | Place    | Note
-------+----------+-------------------------------------------
     0 | D:1      | Gustavia the Ogre Gladiator began the quest for the Orb.
     0 | D:1      | Reached XP level 1. HP: 22/22 MP: 1/1
    56 | D:1      | Reached XP level 2. HP: 17/29 MP: 2/2
   788 | D:1      | Reached XP level 3. HP: 30/36 MP: 3/3
   789 | D:1      | Found a faded altar of an unknown god.
  1637 | D:2      | Noticed Robin
  1649 | D:2      | Slain by Robin

Illustrated notes

Levels and vault maps discovered:
D:1:      scummos_arrival_star, layout_rooms,
          dreamdust_ecumenical_altar_drowned_temple, minmay_pentomino_q2
D:2:      layout_basic, serial_rivers, chequers_serial_rivers_small_b,
          chequers_serial_rivers_micro_e, chequers_serial_rivers_large_b,
          chequers_serial_rivers_small_3, hangedman_decor_slide_cut, uniq_robin

Skill      XL: |  1  2  3 |
---------------+----------+-----
Dodging        | 3 |  3.1
Fighting       | 3 |  3.1
Axes           | |  3.9
Throwing       | |  2.1
Stealth        | |  0.1

Action                   || total
-------------------------++-------
Melee: War axe           ||   112
  Use: Potion            ||     6
       Scroll            ||     3
Armor: Robe              ||    58
Dodge: Dodged            ||    90
